 Dungeon Crawl Stone Soup version 0.21.1-1-g345015f (webtiles) character file.

555 sankara the Changer (level 7, -1/78 HPs)
             Began as a Grey Draconian Transmuter on Feb 15, 2018.
             Was a Follower of Okawaru.
             Succumbed to a scorpion's poison
             ... on level 4 of the Dungeon.
             The game lasted 00:13:38 (3766 turns).

sankara the Changer (Grey Draconian Transmuter)     Turns: 3766, Time: 00:13:39

Health: -1/78      AC: 23    Str: 13    XL:     7   Next: 8%
Magic:  3/10       EV:  2    Int: 19    God:    Okawaru [*.....]
Gold:   420        SH:  0    Dex: 11    Spells: 4/10 levels left

rFire    . . .     SeeInvis .     - Unarmed
rCold    . . .     Gourm    .   (no shield)
rNeg     + + +     Faith    +   (armour unavailable)
rPois    +         Spirit   .   (helmet currently unavailable)
rElec    .         Reflect  .   (cloak currently unavailable)
rCorr    .         Harm     .   (gloves currently unavailable)
MR       .....     NoTele   +   (boots currently unavailable)
Stlth    ++........             v - amulet "Fuco" {Faith Int+2 Slay+2}
HPRegen  0.23/turn              i - ring of stealth
MPRegen  0.12/turn              (no ring)

@: lethally poisoned (-1 -> -10), tree-form
A: (walk through water), unfitting armour, blurry vision 1, clever 1, AC +11
a: Heroism, Renounce Religion


You were on level 4 of the Dungeon.
You worshipped Okawaru.
Okawaru was aware of your devotion.
You were not hungry.
You were a tree.
You visited 1 branch of the dungeon, and saw 5 of its levels.

You collected 420 gold pieces.

Inventory:

Missiles
 a - 24 arrows
 e - 166 stones (quivered)
 f - 4 needles of sleeping
 n - 82 sling bullets
 o - 20 poisoned needles
 w - 3 curare-tipped needles
Armour
 m - a +0 pair of gloves (melded)
 x - a +0 cloak (melded)
Jewellery
 i - a ring of stealth (left branch)
 v - the amulet "Fuco" (around neck) {Faith Int+2 Slay+2}
   (You found it on level 5 of the Dungeon)

   [amulet of faith]

   It allows you to gain divine favour quickly.
   It affects your intelligence (+2).
   It affects your accuracy and damage with ranged weapons and melee attacks
   (+2).
Wands
 h - a wand of polymorph (14)
Scrolls
 d - 4 scrolls of identify
 l - a scroll of enchant armour {unknown}
 p - a scroll of teleportation {unknown}
 q - a scroll of immolation {unknown}
 r - a scroll of random uselessness {unknown}
 s - 2 scrolls of fog {unknown}
Potions
 g - a potion of magic
 j - a potion of cancellation
Books
 b - a book of Changes

   Spells                             Type                      Level
   a - Beastly Appendage              Transmutation                1
   b - Sticks to Snakes               Transmutation                2
   c - Spider Form                    Transmutation/Poison         3
   d - Ice Form                       Ice/Transmutation            4
   e - Blade Hands                    Transmutation                5
Comestibles
 c - 6 rations


   Skills:
 - Level 1.1 Fighting
 - Level 1.7 Dodging
 + Level 5.2 Unarmed Combat
 - Level 2.0 Spellcasting
 * Level 6.4 Transmutations


You had 4 spell levels left.
You knew the following spells:

 Your Spells              Type           Power        Failure   Level  Hunger
a - Beastly Appendage     Tmut           ####..       1%          1    #......
b - Sticks to Snakes      Tmut           ####....     1%          2    ###....
c - Spider Form           Tmut/Pois      ##........   13%         3    ###....


Dungeon Overview and Level Annotations

Branches:
Dungeon (5/15)
 Temple: D:4-7

Altars:
Okawaru
Qazlal
Xom


Innate Abilities, Weirdness & Mutations

((You can walk through water.))
((Your dull iron-grey scales are very hard. (AC +11)))
You cannot fit into any form of body armour.
((You can survive without breathing.))
((You are cold-blooded and may be slowed by cold attacks.))
Scrolls take you a little longer to read.
Your mind is acute. (Int +2)
((You are covered in fur. (AC +1)))


Message History

You learn Air Magic much slower.
You learn Earth Magic much quicker.
You can walk through water.
You feel breathless.
* * * LOW HITPOINT WARNING * * *
You feel sick. The orc wizard casts a spell at you.
You resist with some effort.
The orc wizard hits you but does no damage.
You hit the orc wizard.
The orc wizard is moderately wounded.
* * * LOW HITPOINT WARNING * * *
You feel sick.
The orc wizard hits you but does no damage.
You smack the orc wizard!
You kill the orc wizard!
Okawaru accepts your kill.
* * * LOW HITPOINT WARNING * * *
You feel sick.
Okay, then.
You die...

*,,,,,,######.* ##)...........
*,,,,,,######†####...####......
*,,,,,,.................+......
****,,,........###...####......
******,,,........# #...# *......
*,,,,,,,,........###...#* *......
*,,,,,,,,...............# *,.....
*,,,,,,**...###.........# *,,....
*,,,,,,**...* #)♣)......# *,,,...
*,,,,,,,*..,* #..)......# *,,,,..
*,,,,,,,*,,,* #.........* *,,,,,,
****,,,,*,,,* #.........* *,,,,,,
*,,,,*,,,* #.........* *,,,,,,
****,,,,*,,,**#.........* *,,,,,,
*,,,,,,,*,,,,,..........******,,,
*,,,,,,,****,,..........,,,* *,,,
*,,,,,******,,,,,,,,,,,,,,,***,,,


There were no monsters in sight!

Vanquished Creatures
  A scorpion (D:4)
  2 crimson imps (D:5)
  A hound (D:5)
  Ijyb (D:5)
  3 orc wizards
  3 gnolls (D:3)
  3 worker ant zombies (D:5)
  6 adders
  An ooze (D:5)
  A worm (D:3)
  2 dart slugs
  A leopard gecko (D:1)
  6 orcs
  3 giant cockroaches
  8 goblins
  7 hobgoblins
  2 jackals (D:2)
  A quokka (D:2)
  A ball python (D:1)
  6 bats
  9 frilled lizards
  8 kobolds
  7 rats
  A fungus (D:3)
84 creatures vanquished.

Vanquished Creatures (collateral kills)
  An ogre (D:4)
  Crazy Yiuf (D:3)
  Terence (D:3)
  A ball python (D:3)
4 creatures vanquished.

Grand Total: 88 creatures vanquished

Notes
Turn   | Place    | Note
-------+----------+-------------------------------------------
     0 | D:1      | sankara the Draconian Transmuter began the quest for the Orb.
     0 | D:1      | Reached XP level 1. HP: 16/16 MP: 3/3
   105 | D:1      | Reached XP level 2. HP: 3/23 MP: 3/5
   113 | D:1      | Learned a level 2 spell: Sticks to Snakes
   714 | D:1      | Reached skill level 3 in Transmutations
  1098 | D:2      | Reached XP level 3. HP: 28/28 MP: 4/6
  1106 | D:2      | Learned a level 3 spell: Spider Form
  1227 | D:2      | Found a stormy altar of Qazlal.
  1949 | D:3      | Reached XP level 4. HP: 35/35 MP: 3/7
  1961 | D:3      | Reached skill level 4 in Transmutations
  2073 | D:3      | Found a shimmering altar of Xom.
  2075 | D:3      | Found an iron altar of Okawaru.
  2075 | D:3      | Found a shattered altar of Ashenzari.
  2075 | D:3      | Noticed Terence
  2079 | D:3      | Found a hide-covered altar of Uskayaw.
  2079 | D:3      | Found a shimmering altar of Xom.
  2079 | D:3      | Found an ornate altar of the Wu Jian Council.
  2102 | D:3      | Killed Terence
  2400 | D:3      | Reached XP level 5. HP: 26/40 MP: 4/8
  2602 | D:5      | Entered Level 5 of the Dungeon
  2612 | D:5      | Noticed Ijyb
  2704 | D:5      | Killed Ijyb
  2870 | D:5      | Reached skill level 5 in Transmutations
  3002 | D:5      | Reached XP level 6. HP: 42/47 MP: 6/9
  3101 | D:5      | Found an iron altar of Okawaru.
  3122 | D:5      | Became a worshipper of Warmaster Okawaru
  3160 | D:5      | Got a transparent lead amulet
  3166 | D:5      | Identified the amulet "Fuco" {Faith Int+2 Slay+2} (You found it on level 5 of the Dungeon)
  3623 | D:3      | Found a runed door.
  3629 | D:3      | Noticed Crazy Yiuf
  3634 | D:3      | Killed Crazy Yiuf
  3736 | D:4      | Reached * piety under Okawaru
  3736 | D:4      | Reached skill level 5 in Unarmed Combat
  3736 | D:4      | Reached skill level 6 in Transmutations
  3758 | D:4      | Gained mutation: Scrolls take you a little longer to read. [potion of mutation]
  3758 | D:4      | Gained mutation: Your mind is acute. (Int +2) [potion of mutation]
  3758 | D:4      | Gained mutation: You are covered in fur. (AC +1) [potion of mutation]
  3762 | D:4      | HP: 3/70 [poisoned by a scorpion]
  3763 | D:4      | Your scales start taking on a dull iron-grey colour.
  3763 | D:4      | Reached XP level 7. HP: 3/52 MP: 2/10
  3763 | D:4      | Gained mutation: You can survive without breathing. [Grey Draconian growth]
  3764 | D:4      | HP: 1/78 [poisoned by a scorpion]
  3766 | D:4      | Succumbed to a scorpion's poison

Skill      XL: |  1  2  3  4  5  6 |
---------------+-------------------+-----
Transmutations | 3 4 5 6 |  6.4
Unarmed Combat | 4 5 |  5.2
Fighting       | |  1.1
Dodging        | |  1.7
Spellcasting   | |  2.0

Action                   |  1- 3 |  4- 6 |  7- 9 || total
-------------------------+-------+-------+-------++-------
Melee: Unarmed           |   137 |   169 |     2 ||   308
       Headbutt          |     6 |     2 |       ||     8
       Kick              |     8 |    13 |       ||    21
       Tailslap          |     5 |    12 |       ||    17
       Punch             |       |     2 |       ||     2
 Cast: Beastly Appendage |    26 |     7 |       ||    33
       Spider Form       |     4 |    15 |       ||    19
       Sticks to Snakes  |       |     4 |       ||     4
Invok: Heroism           |       |     1 |       ||     1
  Use: Scroll            |     4 |     2 |       ||     6
       Potion            |       |     4 |       ||     4
 Stab: Sleeping          |     1 |     5 |       ||     6
  Eat: Chunk             |     4 |     7 |       ||    11
       Ration            |       |     1 |       ||     1
Armor: Skin              |    28 |    30 |     1 ||    59
Dodge: Dodged            |    89 |   101 |       ||   190
